AoeStats
← naphtaligrauer16

Nomad

507364069Analyzed
2v2 RM · 16d ago on Sep 17, 2026· 31m 12s· 4 players
Game mode
Random Map
Map size
176×176
Population
200
Speed
Normal
Resources
Standard
Victory
Conquest
Starting age
Dark Age
Ending age
Imperial Age
RankedLock teamsTeams togetherTeam positionsShared explorationLock speedFull tech treeHidden civsTurbo modeCheats
Victory
Defeat
🇩🇪 Celts · Germany
1722
+10
🇩🇪 Persians · Germany
1555
+18
🇫🇷 Britons · France
1608
-15
🇫🇷 Persians · France
1568
-13
ArabiaHaterNr.1
4:54 Loom
14:40 Feudal Age
15:28 Double-Bit Axe
15:33 Fishing Lines
17:34 Forging
17:54 Scale Mail Armor
17:54 Town Watch
20:42 Castle Age
18:50 Stone Mining
18:51 Gold Mining
22:13 Chain Mail Armor
23:31 Gold Shaft Mining
23:07 Bow Saw
23:51 Iron Casting
28:24 Wheelbarrow
30:49 Medium Warships
naphtaligrauer16
6:06 Loom
19:44 Feudal Age
76nateK
4:53 Loom
13:16 Feudal Age
17:19 Castle Age
16:28 Double-Bit Axe
16:38 Fletching
18:32 Bow Saw
18:20 Bodkin Arrow
20:21 Ballistics
23:38 Padded Archer Armor
26:30 Leather Archer Armor
26:48 Medium Warships
Ketan67
8:25 Loom
15:31 Feudal Age
16:41 Double-Bit Axe
21:40 Castle Age
20:28 Fletching
Connection lost

Rejoining the realm…

Still unreachable

The connection could not be restored.

Session expired

The server has moved on; the page needs a fresh start.